 Dungeon Crawl Stone Soup version 0.30-a0-996-ga6910c8ee8 (webtiles) character file.

Game seed: 10916509781714724930

477378 mopl the Merfolkian Blade (level 24, -8/197 HPs)
             Began as a Merfolk Fighter on Apr 3, 2023.
             Was a High Priest of Okawaru.
             Mangled by a vault guard
             ... wielding a +3 halberd of flaming
              (17 damage)
             ... on level 5 of the Vaults on Apr 4, 2023.
             The game lasted 02:09:46 (58229 turns).

mopl the Merfolkian Blade (Merfolk Fighter)        Turns: 58229, Time: 02:09:46

Health: -8/197     AC: 48    Str: 27    XL:     24   Next: 47%
Magic:  38/41      EV: 25    Int: 18    God:    Okawaru [*****.]
Gold:   6387       SH:  0    Dex: 16    Spells: 23/23 levels left

rFire   + + .      SeeInvis +    b - +6 triple sword of Zitz {drain, rC+ SInv}
rCold   + . .      Faith    .    (shield currently unavailable)
rNeg    + . .      Spirit   .    K - +17 plate armour of Trial and Error {rF++ rCorr Int+3 Stlth-}
rPois   +          Reflect  .    s - +2 helmet {Int+3}
rElec   +          Rampage  +    t - +2 cloak {Will+}
rCorr   +                        p - +1 pair of gloves "Mume" {rElec Will+ MP+9}
Will    ++++.                    h - +1 pair of boots {rampage} Stlth
                                 y - macabre finger necklace {Finger+ rN+}
HPRegen 0.52/turn                k - ring of poison resistance
MPRegen 0.27/turn                L - ring "Votuir" {Will+ Str+4 Int+3}
                                 R - +5 ring of evasion

@: mighty, heroic, finesse-ful, studying 2 skills
A: (nimble swimmer 2), mertail
}: 3/15 runes: decaying, slimy, gossamer
a: Renounce Religion, Heroism, Finesse, Duel


You were on level 5 of the Vaults.
You worshipped Okawaru.
Okawaru was extremely pleased with you.
You visited 10 branches of the dungeon, and saw 48 of its levels.
You visited the Abyss 1 time.
You also visited: Sewer, Ossuary, Bailey and Ice Cave.

You collected 8974 gold pieces.
You spent 2587 gold pieces at shops.

Inventory:

Hand Weapons
 a - the +8 great sword of the Heart {freeze, rPois Will+ Str+3}
   (You found it on level 7 of the Dungeon)

   Str:       It affects your strength (+3).
   rPois:     It protects you from poison.
   Will:      It increases your willpower.
 b - the +6 triple sword of Zitz (weapon) {drain, rC+ SInv}
   (Okawaru gifted it to you on level 5 of the Lair of Beasts)

   rC:        It protects you from cold.
   SInv:      It lets you see invisible.
 J - the +6 arbalest "Damnation" {damnation}
   (You found it on level 3 of the Vaults)
 T - the +8 double sword of Dupynguxu {drain, rPois rF+ rC+}
   (Okawaru gifted it to you on level 1 of the Depths)

   rF:        It protects you from fire.
   rC:        It protects you from cold.
   rPois:     It protects you from poison.
Missiles
 n - 3 boomerangs of dispersal
 w - 19 javelins (quivered)
 D - 3 curare-tipped darts
 E - 34 boomerangs
 F - a throwing net
 H - 58 poisoned darts
Armour
 h - a +1 pair of boots of rampaging (worn)
 p - the +1 pair of gloves "Mume" (worn) {rElec Will+ MP+9}
   (You found it on level 3 of the Depths)

   rElec:     It insulates you from electricity.
   MP:        It affects your magic capacity (+9).
   Will:      It increases your willpower.
 r - a +2 tower shield of reflection
 s - a +2 helmet of intelligence (worn)
 t - a +2 cloak of willpower (worn)
 K - the +17 plate armour of Trial and Error (worn) {rF++ rCorr Int+3 Stlth-}
   (You found it on level 2 of the Elven Halls)

   Int:       It affects your intelligence (+3).
   rF:        It greatly protects you from fire.
   rCorr:     It protects you from acid and corrosion.
   Stlth:     It makes you less stealthy.
Jewellery
 k - a ring of poison resistance (left hand)
 y - the macabre finger necklace (around neck) {Finger+ rN+}
   (You found it on level 4 of the Swamp)

   [amulet of nothing]

   Finger+:   It enables you to equip an extra ring.
   rN:        It protects you from negative energy.
 L - the ring "Votuir" (right hand) {Will+ Str+4 Int+3}
   (You acquired it on level 3 of the Elven Halls)

   [ring of willpower]

   Str:       It affects your strength (+4).
   Int:       It affects your intelligence (+3).
   Will:      It increases your willpower.
 R - a +5 ring of evasion (on amulet)
Wands
 I - a wand of polymorph (34)
 Q - a wand of flame (101)
 S - a wand of quicksilver (35)
 U - a wand of roots (48)
 V - a wand of digging (8)
 Z - a wand of mindburst (44)
Scrolls
 f - 12 scrolls of vulnerability
 i - 26 scrolls of teleportation
 l - 8 scrolls of fear
 m - 14 scrolls of poison
 x - 6 scrolls of blinking
 C - 13 scrolls of fog
 N - 9 scrolls of magic mapping
 X - 11 scrolls of immolation
Potions
 c - 7 potions of resistance
 d - 6 potions of might
 e - 9 potions of haste
 g - 27 potions of curing
 o - 11 potions of ambrosia
 q - 7 potions of cancellation
 u - 2 potions of heal wounds
 v - 9 potions of magic
 z - a potion of berserk rage {!q}
 A - 7 potions of lignification {!q}
 B - 7 potions of flight
 O - 8 potions of invisibility
Miscellaneous
 j - a lightning rod (4/4)
 G - a condenser vane (inert)
 M - a tin of tremorstones (2/2)
 P - a phial of floods


   Skills:
 + Level 18.1(23.1) Fighting
 * Level 26.1(27) Long Blades
 + Level 16.5(21.5) Throwing
 + Level 13.0(18.0) Armour
 + Level 20.9(25.9) Dodging
 + Level 6.6(11.6) Shields
 - Level 12.0 Invocations
 + Level 18.2 Evocations


You had 23 spell levels left.
You didn't know any spells.
Your spell library contained the following spells:

 Spells                   Type           Power      Damage    Failure   Level
 Beastly Appendage        Tmut           0%         N/A       75%         1
 Foxfire                  Conj/Fire      0%         2x1d4     75%         1
 Freeze                   Ice            0%         1d3       75%         1
 Magic Dart               Conj           0%         1d3       75%         1
 Necrotise                Necr           0%         1d4       75%         1
 Sandblast                Erth           0%         2d4       75%         1
 Sting                    Tmut/Pois      0%         1d3       75%         1
 Cigotuvi's Dreadful Rot  Necr/Pois/Air  0%         N/A       87%         2
 Momentum Strike          Conj/Tloc      0%         3d8       87%         2
 Passwall                 Tmut/Erth      0%         N/A       87%         2
 Poisonous Vapours        Pois/Air       0%         N/A       87%         2
 Scorch                   Fire           0%         2d5       87%         2
 Static Discharge         Conj/Air       0%         2-2/arc   87%         2
 Sublimation of Blood     Necr           0%         N/A       87%         2
 Wereblood                Tmut           0%         N/A       87%         2
 Dazzling Flash           Conj/Hex       0%         N/A       98%         3
 Frozen Ramparts          Ice            0%         1d1       98%         3
 Hailstorm                Conj/Ice       0%         3d3       98%         3
 Ignite Poison            Fire/Tmut/Pois 0%         N/A       98%         3
 Inner Flame              Hex/Fire       0%         N/A       98%         3
 Mephitic Cloud           Conj/Pois/Air  0%         N/A       98%         3
 Spider Form              Tmut/Pois      0%         N/A       98%         3
 Stone Arrow              Conj/Erth      0%         3d7       98%         3
 Vampiric Draining        Necr           0%         2d6       98%         3
 Airstrike                Air            0%         2d(0-16)  100%        4
 Dispel Undead            Necr           0%         3d6       100%        4
 Flame Wave               Conj/Fire      0%         2d4       100%        4
 Ice Form                 Ice/Tmut       0%         N/A       100%        4
 Iskenderun's Mystic Bla  Conj/Tloc      0%         2d3       100%        4
 Leda's Liquefaction      Hex/Erth       0%         N/A       100%        4
 Manifold Assault         Tloc           0%         N/A       100%        4
 Olgreb's Toxic Radiance  Pois           0%         N/A       100%        4
 Passage of Golubria      Tloc           0%         N/A       100%        4
 Petrify                  Tmut/Erth      0%         N/A       100%        4
 Sticky Flame             Conj/Fire      0%         2d3       100%        4
 Agony                    Necr           0%         N/A       100%        5
 Alistair's Intoxication  Tmut/Pois      0%         N/A       100%        5
 Borgnjor's Vile Clutch   Necr/Erth      0%         N/A       100%        5
 Fireball                 Conj/Fire      0%         3d3       100%        5
 Irradiate                Conj/Tmut      0%         3d11      100%        5
 Iskenderun's Battlesphe  Conj           0%         2d6       100%        5
 Lee's Rapid Deconstruct  Erth           0%         3d4*      100%        5
 Metabolic Englaciation   Hex/Ice        0%         N/A       100%        5
 Silence                  Hex/Air        0%         N/A       100%        5
 Conjure Ball Lightning   Conj/Air       0%         3x3d6     100%        6
 Dispersal                Tloc           0%         N/A       100%        6
 Eringya's Noxious Bog    Tmut/Pois      0%         N/A       100%        6
 Iron Shot                Conj/Erth      0%         9d1       100%        6
 Statue Form              Tmut/Erth      0%         N/A       100%        6
 Orb of Destruction       Conj           0%         9d5       100%        7
 Ozocubu's Refrigeration  Ice            0%         4d7       100%        7
 Disjunction              Tloc           0%         N/A       100%        8
 Ignition                 Fire           0%         3d3       100%        8
 Fire Storm               Conj/Fire      0%         5d1       100%        9
 Call Imp                 Summ           Unusable   N/A       N/A         2
 Summon Lightning Spire   Summ/Air       Unusable   N/A       N/A         4
 Death Channel            Necr           Unusable   N/A       N/A         6
 Summon Cactus Giant      Summ           Unusable   N/A       N/A         6
 Spellforged Servitor     Conj/Summ      Unusable   N/A       N/A         7
 Summon Horrible Things   Summ           Unusable   N/A       N/A         8

Dungeon Overview and Level Annotations

Branches:
Dungeon (15/15)            Temple (1/1) D:7            Lair (5/5) D:8
  Swamp (4/4) Lair:3       Spider (4/4) Lair:2        Slime (5/5) Lair:5
    Orc (2/2) D:10            Elf (3/3) Orc:2        Vaults (5/5) D:14
  Crypt (0/3) Vaults:2     Depths (4/4) D:15            Zot (0/5) Depths:4
  Sewer (visited)         Ossuary (visited)          Bailey (visited)
  IceCv (visited)

Altars:
Ashenzari
Cheibriados
Dithmenos
Elyvilon
Fedhas
Gozag
Hepliaklqana
Kikubaaqudgha
Makhleb
Nemelex Xobeh
Okawaru
Qazlal
Ru
Sif Muna
Trog
Uskayaw
Vehumet
Wu Jian
Xom
Yredelemnul
Zin
The Shining One
Jiyva

Shops:
D:4 *   D:6 ?   D:8 =(:[   D:10 ?   Orc:2 :(:[   Elf:2 [   Elf:3 ?   Vaults:1 (
Depths:2 :(((   Depths:4 *

Portals:
Hell: Depths:1 Depths:2 Depths:3 Depths:4
Abyss: Depths:3
Pandemonium: Depths:1 Depths:2 Depths:3
Ziggurat: Depths:3

Annotations:
D:13 3 runed translucent doors, Fiodyis's ghost, journeyman GrCA
Lair:2 3 runed translucent doors, Ojus's ghost, journeyman AtFi
Spider:1 2 transporters, Xyofuoq's ghost, adept GnIE
Spider:4 Mara


Innate Abilities, Weirdness & Mutations

((You are very nimble when in or above water. (Stealth+, EV+, Speed+++)))
Your lower body shifts to a powerful aquatic tail in water.


Message History

You feel much better.
The death drake is engulfed in blazing flames.
The sphinx is engulfed in blazing flames.
The sphinx mumbles some strange words.
Something smites you!
* * * LOW HITPOINT WARNING * * *
The vault guard hits you but does no damage.
The vault guard is engulfed in blazing flames. x2
The vault guard hits you with a +0 war axe.
* * * LOW HITPOINT WARNING * * *
The vault guard is engulfed in blazing flames.
The vault guard hits you from afar with a +3 halberd of flaming.
* * * LOW HITPOINT WARNING * * *
The deep troll is engulfed in blazing flames.
The stone giant is engulfed in blazing flames.
The yaktaur captain is engulfed in blazing flames.
Unknown command.
Unknown command.
You slice the sphinx!! You drain the sphinx.
The sphinx is severely wounded.
The death drake is engulfed in blazing flames.
Unknown command.
You slash the sphinx!
The sphinx is almost dead.
Unknown command.
You cut the sphinx into ribbons!!!
You kill the sphinx!
Okawaru accepts your kill.
The death drake is engulfed in blazing flames.
Unknown command.
The vault guard blocks your attack.
The vault guard is heavily wounded.
The death drake changes into a guardian serpent!
The yaktaur captain is engulfed in blazing flames.
The yaktaur captain wields a +0 arbalest.
The yaktaur captain shoots a bolt.
The bolt hits you!
* * * LOW HITPOINT WARNING * * *
The vault guard is engulfed in blazing flames.
The vault guard hits you from afar with a +3 halberd of flaming!
You die...

#########
#........
#§S§§..
#cpp§####
#§pTC§§§.
#@p# #§§#
#))# #).#
#..# #..#
#..# #..#
#..#


You could see a stone giant, a yaktaur captain, 4 vault guards, a deep troll and
a guardian serpent shaped shifter.

Vanquished Creatures
  the Royal Jelly (Slime:5)
  Sojobo (Depths:1)
  Saint Roka (Vaults:1)
  17 caustic shrikes
  2 golden dragons
  4 liches
  Zenata (Vaults:1)
  Jorgrun (Swamp:1)
  2 tentacled monstrosities
  2 deep elf master archers (Elf:3)
  2 deep elf blademasters (Elf:3)
  20 acid blobs
  A sphinx (Vaults:5)
  9 tengu reavers
  2 storm dragons
  2 shadow dragons
  A fenstrider witch (Swamp:3)
  13 azure jellies
  8 rockslimes
  Roxanne (Swamp:4)
  A draconian knight (Depths:4)
  2 iron dragons
  Donald (Elf:3)
  7 fire giants
  7 emperor scorpions
  5 deep elf sorcerers (Elf:3)
  7 frost giants
  11 vault wardens
  A balrug (Depths:2)
  4 ghost moths
  10 ironbound preservers
  A spriggan defender (Depths:1)
  2 broodmothers
  3 deep elf elementalists (Elf:3)
  3 orc warlords
  22 very ugly things
  6 ironbound thunderhulks
  3 war gargoyles (Vaults:4)
  2 vampire knights
  11 quicksilver oozes
  10 stone giants
  4 deep elf demonologists (Elf:3)
  A green draconian (Depths:4)
  6 eleionomae
  19 spark wasps
  2 red draconians (Depths:4)
  14 dire elephants
  2 bunyips
  2 deep elf annihilators (Elf:3)
  A purple draconian (Depths:4)
  2 merfolk impalers (Depths:1)
  7 ettins
  4 deep elf death magi (Elf:3)
  9 fire dragons
  2 green deaths (Swamp:4)
  A mummy priest (Elf:2)
  12 yaktaur captains
  2 shambling mangroves
  A jiangshi (Depths:4)
  Josephine (Orc:1)
  4 deep elf high priests
  6 entropy weavers
  3 rakshasas (Depths:1)
  11 great orbs of eyes
  2 peacekeepers (Vaults:4)
  6 ice dragons
  4 ghost crabs
  17 vault guards
  4 spriggan air magi
  15 hydras
  5 boulder beetles
  3 ogre magi
  2 catoblepae (Lair:5)
  2 radroaches (Spider:4)
  10 ironbound frosthearts
  A jorogumo (Spider:3)
  10 centaur warriors
  2 alligators (Swamp:2)
  8 two-headed ogres
  24 dancing weapons
  4 deep troll shamans
  3 tengu warriors
  A death yak (Lair:4)
  2 vampire magi
  7 deep troll earth magi
  9 spriggan berserkers
  3 orc high priests
  2 hell knights (Depths:2)
  Nergalle (D:10)
  12 deep elf knights
  Urug (D:10)
  A sun demon (Depths:2)
  A fire crab (shapeshifter) (Elf:2)
  A soul eater (Depths:2)
  3 skysharks
  2 iron trolls
  9 pharaoh ants
  2 shadow demons (Elf:2)
  5 goliath frogs
  A salamander mystic (Depths:4)
  A spriggan druid (Swamp:3)
  3 glowing orange brains
  4 wizards
  25 deep trolls
  10 swamp dragons
  4 sun moths
  A flayed ghost (Depths:3)
  8 bog bodies
  10 orb spiders
  5 spectral wolf spiders (Spider:2)
  8 deep elf archers
  8 steelbarb worms
  A necromancer (Vaults:4)
  3 phantasmal warriors
  7 lindwurms
  12 orc knights
  16 ironbound convokers
  18 deep elf zephyrmancers
  36 ugly things
  19 deep elf pyromancers
  7 cyclopes
  A fire giant zombie (Vaults:4)
  4 shining eyes
  6 will-o-the-wisps
  22 wolf spiders
  3 wolf spider zombies (Spider:2)
  A salamander (shapeshifter) (D:15)
  3 manticores
  3 salamanders (Depths:4)
  An ice statue (IceCv)
  26 elephants
  A sphinx skeleton (Vaults:4)
  A stone giant skeleton (Vaults:4)
  A frost giant skeleton (Vaults:4)
  17 demonic crawlers
  10 vault sentinels
  4 black mambas
  2 guardian serpents (Depths:2)
  6 cane toads
  A cane toad (shapeshifter) (Depths:3)
  A smoke demon (Depths:2)
  A gargoyle (D:12)
  3 unseen horrors
  2 orange demons (Swamp:4)
  3 rime drakes
  Maggie (Lair:2)
  Psyche (D:10)
  4 tengu conjurers
  3 kobold demonologists
  5 torpor snails
  28 yaktaurs
  A freezing wraith (Vaults:5)
  An efreet (D:14)
  11 komodo dragons
  A red devil (Depths:2)
  7 trolls
  A bloated husk (Swamp:2)
  2 meliai (Spider:4)
  3 wolf spider simulacra (Spider:2)
  6 tyrant leeches
  11 polar bears
  A tyrant leech (shapeshifter) (Depths:4)
  10 hornets
  A raiju (Lair:5)
  24 tarantellas
  24 blink frogs
  10 dream sheep
  6 air elementals
  35 jumping spiders
  5 spriggans
  A dire elephant simulacrum (IceCv)
  99 slime creatures
  3 shadows (Swamp:4)
  23 culicivoras
  12 wraiths
  33 yaks
  13 water elementals
  3 vampires
  5 fire elementals (Elf:1)
  13 golden eyes
  A basilisk (shapeshifter) (Elf:2)
  62 redbacks
  2 basilisks
  24 vampire mosquitoes
  A wyvern (Lair:1)
  4 chaos spawn (Abyss:3)
  5 steam dragons
  5 death yak simulacra (IceCv)
  9 wargs
  18 swamp worms
  A harpy simulacrum (IceCv)
  7 acid dragons
  Edmund (D:4)
  A floating eye (Slime:2)
  16 hell hounds (Lair:5)
  11 water moccasins
  51 orc warriors
  3 swamp drakes (Lair:5)
  2 ice beasts
  13 black bears
  8 ogres
  3 boggarts
  A boggart (shapeshifter) (D:14)
  40 wolves
  19 centaurs
  A human zombie (Vaults:4)
  5 kobold brigands
  11 bullfrogs
  5 two-headed ogre simulacra
  3 scorpions
  8 earth elementals
  A gnoll sergeant (D:9)
  2 cane toad simulacra (IceCv)
  9 wights (D:8)
  4 killer bees (D:9)
  2 elephant simulacra (IceCv)
  6 howler monkeys
  An electric eel (Spider:2)
  13 orc priests
  A gnoll bouda (D:7)
  9 jellies
  4 hounds
  10 iguanas
  2 sleepcaps
  24 orc wizards
  4 troll simulacra (IceCv)
  2 polar bear simulacra (IceCv)
  3 spriggan simulacra (IceCv)
  5 wolf simulacra (IceCv)
  A mummy (Ossuary)
  13 gnolls
  11 adders
  7 naga simulacra
  A river rat (Sewer)
  7 white imps (IceCv)
  8 ufetubi
  2 worms (Sewer)
  3 dart slugs
  85 orcs
  3 bats
  9 endoplasms
  9 giant cockroaches
  19 goblins
  15 hobgoblins
  6 jackals (D:2)
  15 kobolds
  5 quokkas
  16 ball pythons
  7 frilled lizards
  4 gnoll skeletons (Ossuary)
  6 kobold skeletons (Ossuary)
  15 orc skeletons (Ossuary)
  13 rats
1970 creatures vanquished.

Vanquished Creatures (others)
  Asterion (Elf:3)
  2 tengu reavers (Depths:3)
  A storm dragon (Depths:3)
  A frost giant (Depths:2)
  A fire giant (Depths:3)
  A ghost moth (Spider:1)
  A vault warden (Vaults:5)
  2 very ugly things
  2 spark wasps
  A deep elf death mage (Elf:3)
  An entropy weaver (Spider:4)
  A yaktaur captain (Vaults:2)
  An ice dragon (Depths:4)
  A deep troll earth mage (Depths:1)
  A deep troll shaman (Depths:4)
  A deep elf knight (Elf:2)
  A deep troll (Vaults:2)
  A lindwurm (Vaults:4)
  A bog body (IceCv)
  An ironbound convoker (Vaults:2)
  3 wizards
  A phantasmal warrior (Depths:3)
  A steelbarb worm (Spider:4)
  3 deep elf zephyrmancers
  A vault sentinel (Vaults:4)
  A yaktaur (Vaults:4)
  A komodo dragon (D:13)
  A bloated husk (Swamp:1)
  A blink frog (Lair:3)
  A tarantella (Spider:4)
  A jumping spider (Spider:1)
  A jumping spider (shapeshifter) (D:14)
  A slime creature (Vaults:4)
  2 culicivoras
  2 vampire mosquitoes (Swamp:1)
  2 redbacks (Spider:4)
  A swamp worm (Swamp:2)
  A black bear (Lair:5)
  An ogre (shapeshifter) (Depths:3)
  A boggart (D:14)
  An orc wizard (Orc:2)
  31 foxfires
  23 fungi
  43 plants
148 creatures vanquished.

Grand Total: 2118 creatures vanquished

Notes
Turn   | Place    | Note
-------+----------+-------------------------------------------
     0 | D:1      | mopl the Merfolk Fighter began the quest for the Orb.
     0 | D:1      | Reached XP level 1. HP: 18/18 MP: 1/1
   117 | D:1      | Reached skill level 3 in Long Blades
   137 | D:1      | Reached XP level 2. HP: 18/24 MP: 2/2
   274 | D:1      | Reached skill level 4 in Long Blades
   290 | D:1      | Reached XP level 3. HP: 29/29 MP: 3/3
   793 | D:2      | Reached skill level 5 in Long Blades
   793 | D:2      | Reached XP level 4. HP: 25/35 MP: 4/4
   926 | D:2      | Identified the ring "Xionitt" {rElec rPois Will- rCorr
                  | MP+9}
  1413 | D:3      | Found a faded altar of an unknown god.
  1494 | D:3      | Reached skill level 6 in Long Blades
  1496 | D:3      | HP: 1/35 [kobold/+0 dagger (3)]
  1569 | D:3      | Found a glowing drain.
  1576 | D:3      | Reached XP level 5. HP: 26/41 MP: 5/5
  1607 | Sewer    | Entered a sewer
  1968 | Sewer    | Reached skill level 7 in Long Blades
  1973 | Sewer    | Reached XP level 6. HP: 21/47 MP: 6/6
  2136 | Sewer    | Found a shimmering altar of Xom.
  2151 | Sewer    | Identified the +0 robe "Uplur" {Fly Str+2 Dex+2}
  2179 | Sewer    | Reached skill level 8 in Long Blades
  2697 | D:4      | Found a sand-covered staircase.
  2717 | Ossuary  | Entered an ossuary
  2717 | Ossuary  | Noticed a wraith
  2717 | Ossuary  | Noticed a wraith
  2717 | Ossuary  | Noticed a wraith
  2779 | Ossuary  | Noticed a wraith
  2805 | Ossuary  | HP: 2/70 [wraith (9)]
  2806 | Ossuary  | Killed a wraith
  2807 | Ossuary  | Reached skill level 9 in Long Blades
  2807 | Ossuary  | Reached XP level 7. HP: 2/52 MP: 7/7
  3169 | D:4      | Found Denoevys's Assorted Antiques.
  3177 | D:4      | Bought a scroll labelled SINUOHAR KOIFA for 27 gold pieces
  3177 | D:4      | Bought a scroll labelled WAPNAU RIGAFOG for 27 gold pieces
  3190 | D:4      | Noticed Edmund
  3220 | D:4      | Killed Edmund
  3302 | D:4      | Reached skill level 10 in Long Blades
  3520 | D:5      | Entered Level 5 of the Dungeon
  3567 | D:5      | Found a broken altar of Ashenzari.
  3689 | D:5      | Reached XP level 8. HP: 24/58 MP: 8/8
  3716 | D:5      | Reached skill level 11 in Long Blades
  4003 | D:5      | Reached skill level 1 in Dodging
  4080 | D:5      | Reached skill level 1 in Throwing
  4202 | D:5      | Identified the +0 broad axe "Suqeus" {heavy, rC+ Will+
                  | Dex+8}
  4325 | D:6      | Reached skill level 2 in Dodging
  4376 | D:6      | Reached skill level 4 in Fighting
  4398 | D:6      | Reached skill level 2 in Throwing
  4424 | D:6      | Found Wagi's Magic Scroll Boutique.
  4439 | D:6      | Bought a scroll of blinking for 75 gold pieces
  4439 | D:6      | Bought a scroll of magic mapping for 75 gold pieces
  4439 | D:6      | Bought a scroll of teleportation for 30 gold pieces
  4480 | D:6      | Reached skill level 3 in Dodging
  4687 | D:7      | Found a flagged portal.
  4696 | Bailey   | Entered a bailey
  4724 | Bailey   | Reached skill level 3 in Armour
  4774 | Bailey   | Reached XP level 9. HP: 48/66 MP: 9/9
  4972 | Bailey   | Reached skill level 3 in Throwing
  4972 | Bailey   | Reached skill level 4 in Dodging
  5045 | Bailey   | Reached skill level 5 in Fighting
  5109 | Bailey   | Reached skill level 12 in Long Blades
  5257 | Bailey   | Reached skill level 5 in Dodging
  5361 | Bailey   | Reached skill level 4 in Throwing
  5410 | Bailey   | Noticed an orc warlord
  5576 | D:6      | Bought a scroll of identify for 20 gold pieces
  5631 | D:7      | Reached skill level 4 in Armour
  5641 | D:7      | Identified the +8 great sword of the Heart {freeze, rPois
                  | Will+ Str+3}
  5715 | D:7      | Found a staircase to the Ecumenical Temple.
  5722 | D:7      | Reached XP level 10. HP: 76/76 MP: 10/10
  5724 | D:7      | Reached skill level 6 in Fighting
  5729 | Temple   | Entered the Ecumenical Temple
  5962 | D:7      | Reached skill level 6 in Dodging
  6288 | D:7      | Found a glowing silver altar of Zin.
  6489 | D:8      | Found Tuesuy's Jewellery Shoppe.
  6526 | D:8      | Reached skill level 5 in Throwing
  6549 | D:8      | Reached skill level 1 in Evocations
  6555 | D:8      | Found a staircase to the Lair.
  6557 | D:8      | Noticed an elephant
  6568 | D:8      | Killed an elephant
  6569 | D:8      | Reached skill level 7 in Dodging
  6604 | D:8      | Found Acreomist's Weapon Emporium.
  6621 | D:8      | Reached skill level 7 in Fighting
  6650 | D:8      | Found Hirutim's Book Boutique.
  6695 | D:8      | Reached skill level 13 in Long Blades
  6697 | D:8      | Reached skill level 2 in Evocations
  6785 | D:8      | Found a bloodstained altar of Trog.
  6786 | D:8      | Found an iron altar of Okawaru.
  6929 | D:8      | Found Boanacra's Antique Armour Shoppe.
  7029 | D:8      | Reached skill level 5 in Armour
  7137 | D:9      | Reached XP level 11. HP: 74/84 MP: 11/11
  7296 | D:9      | Noticed a three-headed hydra
  7309 | D:9      | Killed a four-headed hydra
  7310 | D:9      | Reached skill level 6 in Throwing
  7310 | D:9      | Reached skill level 8 in Dodging
  7310 | D:9      | Reached skill level 3 in Evocations
  7552 | D:9      | Found a basalt altar of Yredelemnul.
  7882 | D:10     | Entered Level 10 of the Dungeon
  7882 | D:10     | Noticed Psyche
  7993 | D:8      | Became a worshipper of Warmaster Okawaru
  8101 | D:10     | Killed Psyche
  8150 | D:10     | Reached skill level 8 in Fighting
  8182 | D:10     | Noticed a two-headed ogre
  8200 | D:10     | Killed a two-headed ogre
  8200 | D:10     | Reached * piety under Okawaru
  8203 | D:10     | Reached skill level 4 in Evocations
  8207 | D:10     | Noticed a two-headed ogre
  8267 | D:10     | Found Wyaciche's Magic Scroll Shop.
  8270 | D:10     | Bought a scroll of poison for 56 gold pieces
  8270 | D:10     | Bought 2 scrolls of fog for 112 gold pieces
  8270 | D:10     | Bought a scroll of teleportation for 42 gold pieces
  8273 | D:10     | Noticed Nergalle
  8285 | D:10     | Killed Nergalle
  8411 | D:10     | Found a staircase to the Orcish Mines.
  8477 | D:10     | Killed a two-headed ogre
  8478 | D:10     | Reached skill level 9 in Dodging
  8485 | D:10     | Found a burning altar of Makhleb.
  8485 | D:10     | Noticed a two-headed ogre
  8515 | D:10     | Killed a two-headed ogre
  8515 | D:10     | Reached ** piety under Okawaru
  8542 | D:10     | Found a shadowy altar of Dithmenos.
  8542 | D:10     | Found a stormy altar of Qazlal.
  8696 | D:10     | You fall into a shaft and drop 1 floor!
  8812 | D:11     | Noticed a cyclops
  8817 | D:11     | Killed a cyclops
  8818 | D:11     | Reached skill level 7 in Throwing
  8818 | D:11     | Reached XP level 12. HP: 94/94 MP: 12/12
  8870 | D:11     | Noticed a two-headed ogre
  8885 | D:11     | Killed a two-headed ogre
  8885 | D:11     | Reached *** piety under Okawaru
  8886 | D:11     | Reached skill level 14 in Long Blades
  8886 | D:11     | Reached skill level 6 in Armour
  8899 | D:11     | Found a frozen archway.
  8913 | IceCv    | Entered an ice cave
  8970 | IceCv    | Reached skill level 5 in Evocations
  9254 | IceCv    | Reached skill level 1 in Invocations
  9380 | IceCv    | Got Wyelus's Annotations on Frigid Combat Magic
  9540 | IceCv    | Reached skill level 9 in Fighting
  9759 | D:11     | Upgraded the game from 0.30-a0-989-g0d87f670db to
                  | 0.30-a0-996-ga6910c8ee8
  9767 | D:11     | Reached skill level 10 in Dodging
  9769 | D:11     | Reached skill level 2 in Invocations
 10404 | D:10     | Received a gift from Okawaru
 10418 | D:10     | Noticed Urug
 10422 | D:10     | Killed Urug
 10570 | D:10     | Found a sacrificial altar of Ru.
 10576 | D:10     | Found an opulent altar of Gozag.
 10576 | D:10     | Found a hide-covered altar of Uskayaw.
 10578 | D:10     | Found an ornate altar of the Wu Jian Council.
 10579 | D:10     | Found a white marble altar of Elyvilon.
 10859 | D:6      | Bought a scroll of amnesia for 40 gold pieces
 10859 | D:6      | Bought a scroll of vulnerability for 40 gold pieces
 10859 | D:6      | Bought a scroll of identify for 20 gold pieces
 10947 | D:10     | Bought a scroll of identify for 28 gold pieces
 10949 | D:10     | Bought a scroll of identify for 28 gold pieces
 10949 | D:10     | Bought a scroll of identify for 28 gold pieces
 10949 | D:10     | Identified 3 scrolls of acquirement
 10951 | D:10     | Acquired a +0 cloak of willpower
 10958 | D:10     | Acquired a +4 double sword of venom
 10959 | D:10     | Acquired a manual of Evocations
 11027 | Lair:1   | Entered Level 1 of the Lair of Beasts
 11348 | Lair:1   | Reached skill level 3 in Invocations
 11368 | Lair:1   | Reached skill level 6 in Evocations
 11555 | Lair:1   | Reached skill level 8 in Throwing
 11559 | Lair:1   | Reached **** piety under Okawaru
 11562 | Lair:1   | Received a gift from Okawaru
 11874 | Lair:2   | Reached XP level 13. HP: 60/101 MP: 15/15
 11973 | Lair:2   | Found a runed translucent gate.
 11974 | Lair:2   | Found a runed translucent gate.
 11976 | Lair:2   | Found a runed translucent gate.
 12034 | Lair:2   | Reached skill level 4 in Invocations
 12048 | Lair:2   | Reached skill level 7 in Evocations
 12053 | Lair:2   | Received a gift from Okawaru
 12158 | Lair:2   | Noticed Maggie
 12159 | Lair:2   | Found a hole to the Spider Nest.
 12173 | Lair:2   | Killed Maggie
 12427 | Lair:2   | Noticed Ojus's ghost (journeyman AtFi)
 12643 | Lair:3   | Reached skill level 11 in Dodging
 12672 | Lair:3   | Reached ***** piety under Okawaru
 12750 | Lair:3   | Reached skill level 10 in Fighting
 12773 | Lair:3   | Acquired 938 gold pieces
 12865 | Lair:3   | Received a gift from Okawaru
 12872 | Lair:3   | Reached skill level 7 in Armour
 12884 | Lair:3   | Reached skill level 15 in Long Blades
 12989 | Lair:3   | Found a staircase to the Swamp.
 13114 | Lair:3   | Received a gift from Okawaru
 13376 | Lair:4   | Reached skill level 5 in Invocations
 13380 | Lair:4   | Reached skill level 8 in Evocations
 13533 | Lair:4   | Reached skill level 9 in Throwing
 13544 | Lair:4   | Identified the +3 chain mail of the Hidden Vale {Dex+4}
                  | (Okawaru gifted it to you on level 4 of the Lair of Beasts)
 13544 | Lair:4   | Received a gift from Okawaru
 13570 | Lair:4   | Reached XP level 14. HP: 28/111 MP: 18/18
 13746 | Lair:4   | Reached skill level 12 in Dodging
 13774 | Lair:4   | Reached skill level 9 in Evocations
 13782 | Lair:4   | Reached skill level 6 in Invocations
 14336 | Lair:5   | Entered Level 5 of the Lair of Beasts
 14550 | Lair:5   | Identified the +6 triple sword of Zitz {drain, rC+ SInv}
                  | (Okawaru gifted it to you on level 5 of the Lair of Beasts)
 14550 | Lair:5   | Received a gift from Okawaru
 14661 | Lair:5   | Reached skill level 11 in Fighting
 14897 | Lair:5   | Reached skill level 10 in Evocations
 14903 | Lair:5   | Reached skill level 7 in Invocations
 15081 | Lair:5   | Received a gift from Okawaru
 15133 | Lair:5   | Reached skill level 10 in Throwing
 15151 | Lair:5   | Reached skill level 16 in Long Blades
 15198 | Lair:5   | Reached skill level 8 in Armour
 15203 | Lair:5   | Reached ****** piety under Okawaru
 15314 | Lair:5   | Reached XP level 15. HP: 105/119 MP: 20/20
 15333 | Lair:5   | Reached skill level 13 in Dodging
 15612 | Lair:5   | Found a viscous altar of Jiyva.
 15613 | Lair:5   | Found a staircase to the Slime Pits.
 15856 | Orc:1    | Entered Level 1 of the Orcish Mines
 16303 | Orc:2    | Entered Level 2 of the Orcish Mines
 16497 | Orc:2    | Noticed Josephine
 16541 | Orc:1    | Killed Josephine
 16839 | Orc:2    | Found Heacvius's Book Boutique.
 16839 | Orc:2    | Found Ziteobeng's Weapon Shoppe.
 16839 | Orc:2    | Found Erat's Book Emporium.
 16842 | Orc:2    | Found Umuiq's Armour Shop.
 17023 | Orc:2    | Found a staircase to the Elven Halls.
 17438 | D:8      | Bought a runed helmet for 262 gold pieces
 17594 | D:12     | Reached skill level 11 in Evocations
 17717 | D:12     | Identified the +0 scale mail "Vuably" {rElec rPois Will++
                  | Dex-2}
 18264 | D:13     | Reached skill level 8 in Invocations
 18336 | D:13     | Found a sacrificial altar of Ru.
 18761 | D:13     | Found a runed translucent gate.
 18761 | D:13     | Found a runed translucent gate.
 18761 | D:13     | Found a runed translucent gate.
 18762 | D:13     | Noticed an acid blob
 18762 | D:13     | Noticed an acid blob
 18763 | D:13     | Noticed an acid blob
 18764 | D:13     | Noticed an acid blob
 18764 | D:13     | Noticed Fiodyis's ghost (journeyman GrCA)
 18764 | D:13     | Noticed an azure jelly
 18764 | D:13     | Noticed an azure jelly
 18764 | D:13     | Noticed an acid blob
 18765 | D:13     | Noticed an acid blob
 18765 | D:13     | Noticed an azure jelly
 18765 | D:13     | Noticed an acid blob
 18767 | D:13     | Found a viscous altar of Jiyva.
 18874 | D:13     | Received a gift from Okawaru
 18874 | D:13     | Found the +2 cloak of the Thief {*Fog Slay-2 SInv Stlth+}
 19171 | D:14     | Reached skill level 12 in Fighting
 19393 | D:14     | Reached skill level 17 in Long Blades
 19411 | D:14     | Found a glowing silver altar of Zin.
 20040 | D:14     | Found a gate to the Vaults.
 20046 | D:14     | Reached XP level 16. HP: 127/127 MP: 22/22
 20215 | D:15     | Entered Level 15 of the Dungeon
 20289 | D:15     | Identified the +2 pair of gloves of Autotheism {rN+ Str+2
                  | Int-5 Slay+3} (Okawaru gifted it to you on level 15 of the
                  | Dungeon)
 20289 | D:15     | Received a gift from Okawaru
 20577 | D:15     | Reached skill level 14 in Dodging
 20577 | D:15     | Reached skill level 12 in Evocations
 20758 | D:15     | Reached skill level 11 in Throwing
 20770 | D:15     | Reached skill level 9 in Invocations
 20781 | D:15     | Found a staircase to the Depths.
 21191 | Spider:1 | Entered Level 1 of the Spider Nest
 21544 | Spider:1 | Found a transporter.
 21545 | Spider:1 | Noticed Xyofuoq's ghost (adept GnIE)
 21547 | Spider:1 | Found a transporter.
 22020 | Spider:1 | Reached skill level 9 in Armour
 22098 | Spider:1 | Identified the +1 hand axe "Eryfelec" {speed, Int+3}
 22197 | Spider:1 | Reached skill level 18 in Long Blades
 22306 | Spider:1 | Received a gift from Okawaru
 22605 | Spider:1 | Received a gift from Okawaru
 23239 | Spider:2 | Reached skill level 13 in Evocations
 23392 | Spider:2 | HP: 4/129 [broodmother (3)]
 23402 | Spider:2 | Reached XP level 17. HP: 22/135 MP: 24/24
 23561 | Spider:2 | Reached skill level 13 in Fighting
 23693 | Spider:2 | Reached skill level 10 in Invocations
 23998 | Spider:2 | Reached skill level 15 in Dodging
 24085 | Spider:2 | Identified the +0 great sword of the Blowfly {drain, Fly
                  | rF- rC+} (Okawaru gifted it to you on level 2 of the Spider
                  | Nest)
 24085 | Spider:2 | Received a gift from Okawaru
 24390 | Spider:2 | HP: 9/205 [demonic crawler (5)]
 24793 | Spider:3 | Reached skill level 19 in Long Blades
 25065 | Spider:4 | Entered Level 4 of the Spider Nest
 25127 | Spider:4 | Noticed Mara
 25134 | Spider:3 | Reached skill level 12 in Throwing
 25176 | Spider:4 | Noticed mopl's illusion
 25354 | Spider:4 | Noticed mopl's illusion
 25425 | Spider:4 | Received a gift from Okawaru
 25563 | Spider:4 | Noticed mopl's illusion
 25605 | Spider:4 | Reached skill level 14 in Evocations
 26230 | Spider:4 | Received a gift from Okawaru
 26289 | Spider:4 | HP: 6/137 [boulder beetle (17)]
 26306 | Spider:4 | Identified the +4 great sword of Hanuoriq {heavy, rN+}
                  | (Okawaru gifted it to you on level 4 of the Spider Nest)
 26306 | Spider:4 | Received a gift from Okawaru
 26351 | Spider:3 | HP: 6/137 [poisoned by a redback]
 26356 | Spider:3 | HP: 4/137 [poisoned by a redback]
 26538 | Spider:4 | Noticed mopl's illusion
 26820 | Spider:4 | Reached XP level 18. HP: 127/145 MP: 25/25
 26937 | Spider:4 | Got a gossamer rune of Zot
 27387 | Swamp:1  | Entered Level 1 of the Swamp
 27399 | Swamp:1  | Noticed Jorgrun
 27413 | Swamp:1  | Killed Jorgrun
 27650 | Swamp:1  | Received a gift from Okawaru
 28119 | Swamp:2  | You fall into a shaft and drop 1 floor!
 28268 | Swamp:2  | Reached skill level 10 in Armour
 28268 | Swamp:2  | Reached skill level 16 in Dodging
 28371 | Swamp:2  | Identified the +1 helmet "Kopot" {-Tele rF+ Int+5}
 28395 | Swamp:2  | Received a gift from Okawaru
 28493 | Swamp:2  | Reached skill level 20 in Long Blades
 28815 | Swamp:3  | Reached skill level 14 in Fighting
 29196 | Swamp:4  | Entered Level 4 of the Swamp
 29284 | Swamp:4  | Reached skill level 15 in Evocations
 29507 | Swamp:4  | Found the macabre finger necklace {Finger+ rN+}
 29563 | Swamp:4  | Noticed Roxanne
 30022 | Swamp:4  | Noticed a tentacled monstrosity
 30047 | Swamp:4  | Killed a tentacled monstrosity
 30059 | Swamp:4  | Reached skill level 13 in Throwing
 30065 | Swamp:4  | Received a gift from Okawaru
 30245 | Swamp:4  | Got a decaying rune of Zot
 30431 | Swamp:4  | Killed Roxanne
 30431 | Swamp:4  | Received a gift from Okawaru
 30773 | Elf:1    | Entered Level 1 of the Elven Halls
 31348 | Elf:1    | Paralysed by an air elemental for 1 turns
 31350 | Elf:1    | Paralysed by an air elemental for 1 turns
 31355 | Elf:1    | Paralysed by an air elemental for 1 turns
 31359 | Elf:1    | Reached XP level 19. HP: 125/153 MP: 26/26
 31478 | Elf:1    | Got the Vellum of Wildfire
 31629 | Elf:1    | Received a gift from Okawaru
 32387 | Elf:2    | Received a gift from Okawaru
 32513 | Elf:2    | Received a gift from Okawaru
 32631 | Elf:2    | Found a runed translucent gate.
 32632 | Elf:2    | Found a runed translucent gate.
 32632 | Elf:2    | Found a runed translucent gate.
 32878 | Elf:2    | Found Wiywnone's Armour Boutique.
 32912 | Elf:2    | Found a shimmering blue altar of Sif Muna.
 32929 | Elf:2    | Reached skill level 21 in Long Blades
 33110 | Elf:2    | Identified the +17 plate armour of Trial and Error {rF++
                  | rCorr Int+3 Stlth-}
 33441 | Elf:2    | Received a gift from Okawaru
 33676 | Elf:2    | Reached skill level 17 in Dodging
 34127 | Elf:2    | Reached skill level 11 in Invocations
 34133 | Elf:2    | Received a gift from Okawaru
 34576 | Elf:3    | Entered Level 3 of the Elven Halls
 34793 | Elf:3    | Noticed Asterion
 34807 | Elf:3    | Killed Asterion
 34901 | Elf:3    | Found Cukiguic's Magic Scroll Shop.
 34906 | Elf:3    | Identified the +0 kite shield of the Exiled Orbs {rF+
                  | Int+5}
 34906 | Elf:3    | Noticed Donald
 34909 | Elf:3    | Bought a scroll of fear for 60 gold pieces
 34909 | Elf:3    | Bought a scroll of teleportation for 45 gold pieces
 34911 | Elf:3    | Bought a scroll of magic mapping for 112 gold pieces
 34911 | Elf:3    | Bought a scroll of poison for 60 gold pieces
 34911 | Elf:3    | Bought 2 scrolls of vulnerability for 120 gold pieces
 34923 | Elf:3    | Killed Donald
 35251 | Elf:3    | Noticed a Hell Sentinel
 35483 | Elf:3    | Noticed an Ice Fiend
 35704 | Elf:3    | Identified the +2 morningstar of Invincibility {drain, rC+}
 36027 | Elf:3    | Noticed an Ice Fiend
 36035 | Elf:3    | Noticed a Hell Sentinel
 36036 | Elf:3    | Reached skill level 15 in Fighting
 36827 | Elf:3    | Reached XP level 20. HP: 162/162 MP: 28/28
 36975 | Elf:3    | Identified the staff of death "Yrghiolui" {rF++ rN+}
 36985 | Elf:3    | Got the Incunabulum of Bombardment
 37031 | Elf:3    | Found the +0 staff of Battle
 37055 | Elf:3    | Received a gift from Okawaru
 37062 | Elf:3    | Identified the +6 arbalest of Jolypruf {heavy, rElec rF+
                  | Int-5 SInv}
 37088 | Elf:3    | Got Godghit's Lectures on Dislocated Beckoning
 37089 | Elf:3    | Identified the staff of earth "Xyofrum" {rPois MP+9 Dex-3
                  | Stlth+}
 37279 | Elf:3    | Acquired the ring "Votuir" {Will+ Str+4 Int+3}
 37694 | Vaults:1 | Entered Level 1 of the Vaults
 37709 | Vaults:1 | Noticed Saint Roka
 37724 | Vaults:1 | Killed Saint Roka
 38052 | Vaults:1 | Identified the -1 cloak "Lulemeeh" {Will+} (Okawaru gifted
                  | it to you on level 1 of the Vaults)
 38052 | Vaults:1 | Received a gift from Okawaru
 38221 | Vaults:1 | Reached skill level 11 in Armour
 38226 | Vaults:1 | Reached skill level 22 in Long Blades
 38256 | Vaults:1 | Found Deryipac's Weapon Shop.
 38503 | Vaults:1 | Reached skill level 16 in Evocations
 38530 | Vaults:1 | Noticed Zenata
 38563 | Vaults:1 | Killed Zenata
 39369 | Vaults:1 | Reached skill level 14 in Throwing
 39719 | Vaults:2 | Reached skill level 12 in Invocations
 40135 | Vaults:2 | Reached skill level 18 in Dodging
 40501 | Vaults:2 | HP: 7/160 [yaktaur captain/bolt (2)]
 40841 | Vaults:2 | Found a staircase to the Crypt.
 40841 | Vaults:2 | Found a basalt altar of Yredelemnul.
 40841 | Vaults:2 | Found an ancient bone altar of Kikubaaqudgha.
 40938 | Vaults:2 | Received a gift from Okawaru
 41110 | Vaults:2 | Received a gift from Okawaru
 41136 | Vaults:2 | Reached XP level 21. HP: 83/170 MP: 30/30
 41792 | Vaults:3 | You fall into a shaft and drop 1 floor!
 42397 | Vaults:3 | Received a gift from Okawaru
 42436 | Vaults:3 | Found the +6 arbalest "Damnation" {damnation}
 42822 | Vaults:4 | Reached skill level 23 in Long Blades
 43209 | Vaults:4 | Reached skill level 16 in Fighting
 43214 | Vaults:4 | Received a gift from Okawaru
 44799 | Vaults:4 | Received a gift from Okawaru
 45635 | Depths:1 | Entered Level 1 of the Depths
 45827 | D:15     | Received a gift from Okawaru
 46216 | Depths:1 | Found a one-way gate leading to the halls of Pandemonium.
 46257 | Depths:1 | Reached skill level 19 in Dodging
 46269 | Depths:1 | Reached skill level 15 in Throwing
 46712 | Depths:1 | Found a hazy altar of Hepliaklqana.
 46714 | Depths:1 | Found a faded altar of an unknown god.
 46808 | Depths:1 | Found a gateway to Hell.
 46814 | Depths:1 | Found a faded altar of an unknown god.
 46830 | Depths:1 | Reached XP level 22. HP: 160/179 MP: 31/31
 47035 | Depths:1 | You fall into a shaft and drop 1 floor!
 47108 | Depths:2 | Received a gift from Okawaru
 47222 | Depths:2 | Reached skill level 17 in Evocations
 47228 | Depths:2 | Received a gift from Okawaru
 47276 | Depths:2 | Found Nig Syap's Book Shoppe.
 47282 | Depths:2 | Bought a manual of Ranged Weapons for 1280 gold pieces
 47297 | Depths:2 | Reached skill level 12 in Armour
 47306 | Depths:2 | Noticed a golden dragon
 47308 | Depths:2 | Found an opulent altar of Gozag.
 47314 | Depths:2 | Killed a golden dragon
 47320 | Depths:2 | Found Gozag's Antique Weapon Shop.
 47320 | Depths:2 | Found Gozag's Antique Weapon Boutique.
 47325 | Depths:2 | Found Gozag's Antique Weapon Shop.
 47360 | Depths:2 | Reached skill level 24 in Long Blades
 47609 | Depths:2 | Found a glowing golden altar of the Shining One.
 49227 | Depths:3 | Identified the +1 pair of gloves "Mume" {rElec Will+ MP+9}
 49647 | Depths:3 | Found a one-way gateway to a ziggurat.
 49684 | Depths:3 | Received a gift from Okawaru
 49706 | Depths:3 | Noticed a caustic shrike
 49706 | Depths:3 | Noticed a caustic shrike
 49706 | Depths:3 | Noticed a caustic shrike
 49706 | Depths:3 | Noticed a caustic shrike
 49726 | Depths:3 | Killed a caustic shrike
 49736 | Depths:3 | Killed a caustic shrike
 49741 | Depths:3 | Killed a caustic shrike
 49753 | Depths:3 | Killed a caustic shrike
 49790 | Depths:3 | Reached skill level 17 in Fighting
 49834 | Depths:3 | HP: 3/175 [frost giant/bolt of cold (19)]
 50284 | Depths:3 | Noticed Sojobo
 50310 | Depths:3 | Paralysed by an air elemental for 1 turns
 50315 | Depths:2 | Paralysed by an air elemental for 1 turns
 50322 | Depths:2 | Paralysed by an air elemental for 1 turns
 50336 | Depths:1 | Paralysed by an air elemental for 1 turns
 50337 | Depths:1 | Killed Sojobo
 50337 | Depths:1 | Identified the +8 double sword of Dupynguxu {drain, rPois
                  | rF+ rC+} (Okawaru gifted it to you on level 1 of the
                  | Depths)
 50337 | Depths:1 | Received a gift from Okawaru
 50823 | Depths:3 | Found a one-way gate to the infinite horrors of the Abyss.
 51694 | Depths:4 | Entered Level 4 of the Depths
 51713 | Depths:3 | Reached XP level 23. HP: 159/188 MP: 32/32
 51797 | Depths:4 | Noticed a caustic shrike
 51798 | Depths:4 | Noticed a caustic shrike
 51936 | Depths:4 | Noticed a caustic shrike
 51937 | Depths:4 | Noticed a caustic shrike
 51958 | Depths:3 | Killed a caustic shrike
 51962 | Depths:3 | Killed a caustic shrike
 52181 | Depths:4 | Noticed a golden dragon
 52185 | Depths:4 | Noticed a caustic shrike
 52281 | Depths:3 | Killed a caustic shrike
 52281 | Depths:3 | Received a gift from Okawaru
 52412 | Depths:4 | Noticed a caustic shrike
 52412 | Depths:4 | Noticed a caustic shrike
 52414 | Depths:4 | Noticed a caustic shrike
 52415 | Depths:4 | Noticed a caustic shrike
 52429 | Depths:3 | Killed a caustic shrike
 52438 | Depths:3 | Killed a caustic shrike
 52443 | Depths:3 | Killed a golden dragon
 52615 | Depths:3 | Killed a caustic shrike
 52616 | Depths:3 | Reached skill level 20 in Dodging
 52627 | Depths:3 | Killed a caustic shrike
 52628 | Depths:3 | Reached skill level 4 in Shields
 52823 | Depths:4 | Reached skill level 25 in Long Blades
 53188 | Depths:4 | Killed a caustic shrike
 53489 | Depths:4 | Noticed a caustic shrike
 53497 | Depths:3 | Killed a caustic shrike
 53725 | Depths:3 | Killed a caustic shrike
 54004 | Depths:4 | Noticed a caustic shrike
 54017 | Depths:4 | Killed a caustic shrike
 54026 | Depths:4 | Noticed a caustic shrike
 54029 | Depths:4 | Noticed a caustic shrike
 54045 | Depths:3 | Killed a caustic shrike
 54194 | Depths:4 | Killed a caustic shrike
 54315 | Depths:4 | Found a gate to the Realm of Zot.
 54357 | Depths:4 | Found Big Baal Hell's Store.
 54934 | Depths:4 | Reached skill level 16 in Throwing
 55288 | Slime:1  | Entered Level 1 of the Pits of Slime
 55300 | Lair:5   | Identified the +1 robe "Roar" {rC+ rN+ rCorr} (Okawaru
                  | gifted it to you on level 5 of the Lair of Beasts)
 55300 | Lair:5   | Received a gift from Okawaru
 55445 | Slime:1  | Reached skill level 5 in Shields
 56563 | Slime:5  | Entered Level 5 of the Pits of Slime
 56601 | Slime:4  | Reached skill level 18 in Evocations
 56832 | Slime:5  | Reached XP level 24. HP: 171/197 MP: 32/32
 56899 | Slime:5  | Noticed the Royal Jelly
 56920 | Slime:5  | Killed the Royal Jelly
 56942 | Slime:5  | Reached skill level 6 in Shields
 56944 | Slime:5  | Received a gift from Okawaru
 56953 | Slime:5  | Reached skill level 18 in Fighting
 56993 | Slime:5  | Identified the amulet of Jips {Acrobat rPois Str+2 Int+3}
 57007 | Slime:5  | Identified the +3 robe of Vahut {Rampage rElec Str-4}
 57011 | Slime:5  | Got a slimy rune of Zot
 57034 | Slime:5  | Identified the +2 troll leather armour of Love and Death
                  | {rN+ Regen+}
 57044 | Slime:5  | Identified the +7 spear of mopl's Slow Death {protect, rN+
                  | Int+8 Dex-2}
 57062 | Slime:5  | Identified the +1 rapier of Gehas {drain, rN+ Str+4}
 57092 | Slime:5  | Identified the +1 ring mail of Crawling {Will+ Dex+3}
 57572 | Vaults:5 | Entered Level 5 of the Vaults
 57714 | Abyss:3  | Cast into level 3 of the Abyss (vault guard)
 57738 | Abyss:3  | Reached skill level 13 in Armour
 57743 | Vaults:5 | Escaped the Abyss
 57776 | Vaults:4 | Received a gift from Okawaru
 58058 | Vaults:4 | Reached skill level 26 in Long Blades
 58170 | Vaults:5 | Received a gift from Okawaru
 58229 | Vaults:5 | HP: 9/197 [yaktaur captain/bolt (13)]
 58229 | Vaults:5 | Mangled by a vault guard

Illustrated notes

Levels and vault maps discovered:
D:1:      grunt_arrival_crossed_arrows, layout_basic, minivault_5,
          grunt_decor_clamped, serial_park_tiny_1, minivault_24
D:2:      layout_basic
D:3:      layout_basic, portal_sewer_entry_b,
          hellmonk_ecumenical_altar_arch_garden
D:4:      layout_cave_pools, lightli_ossuary_entry_decrepit_ruins, serial_shops,
          shop, serial_bayou_pond_e, uniq_edmund
D:5:      layout_rooms, kennysheep_mini_moat
D:6:      layout_basic, serial_shops, nicolae_diamond_shop
D:7:      layout_loops_ring, mainiacjoe_overflow_six_doors_small,
          minmay_temple_entry_overgrown, enter_bailey_8,
          dreamdust_gnoll_shepherd
D:8:      layout_rooms, grunt_temple_overflow_bloody_war, david_lair_generic,
          serial_rivers, chequers_serial_rivers_large_b,
          chequers_serial_rivers_micro_e, chequers_serial_rivers_micro_b,
          chequers_serial_rivers_small_b, chequers_serial_rivers_small_a,
          chequers_serial_rivers_room_a, serial_shops,
          nicolae_shop_advertising_works [nicolae_subvault_shop_adworks],
          nicolae_shop_crystal, shop_fountains, nicolae_stop_n_shop_2
D:9:      layout_irregular_city, mainiacjoe_overflow_surrounded_room,
          grunt_ministairs_10, hangedman_ranch
D:10:     layout_stronghold, grunt_temple_overflow_open, minitemple, erik_orc_3,
          nicolae_stop_n_shop_2, dreamdust_princess_bridge, uniq_psyche,
          uniq_urug, uniq_nergalle
D:11:     layout_long_grid, portal_ice_cave_entry_ice_simulacra,
          minmay_door_square
D:12:     layout_loops_ring
D:13:     minmay_slanted_spiral_squares, layout_long_grid, gammafunk_ghost_ooze,
          hangedman_abyss_or_decor_lesser_grid,
          nicolae_ru_great_annihilating_truth
D:14:     layout_long_grid, david_vaults_5, nicolae_kite_square_tiling_tiny,
          zin_academy
D:15:     gammafunk_enter_depths_forms, layout_basic, hangedman_decor_riveting
Temple:   hellmonk_temple_forest_ring
Lair:1:   layout_roguey
Lair:2:   layout_regular_city, spider_nest_entry_funnel_web,
          ebering_ghost_rock_garden, serial_bayou_shore_a, grunt_megastairs_4,
          uniq_maggie
Lair:3:   layout_misc_corridors, minmay_swamp_entry_reptiles, grunt_megastairs_1
Lair:4:   layout_cave_pods, minivault_23, beast_lair_carwin_1,
          infiniplex_staircase_pool_2
Lair:5:   guppyfry_lair_end_dragon, layout_hall_layers,
          hangedman_lair_caniforms_friends, dpeg_slime_entry_enclosed,
          chequers_serial_rivers_micro_b, chequers_serial_rivers_small_3,
          dreamdust_mushroom_princess, grunt_forest_large_clearings
Swamp:1:  layout_basic_swamp, evilmike_swamp_ruin_house_1, uniq_jorgrun
Swamp:2:  layout_falls_marsh, evilmike_swamp_ruin_house_4
Swamp:3:  layout_basic_swamp, evilmike_swamp_ruin_rubble_2,
          infiniplex_staircase_pool
Swamp:4:  swamp_vile, layout_basic_swamp, uniq_roxanne
Spider:1: nicolae_spider_mines_3, gammafunk_ghost_mausoleum,
          nicolae_spider_orb_run
Spider:2: layout_spider_delve, nicolae_spider_undead_wolf_pack
Spider:3: layout_spider_delve
Spider:4: hellmonk_spider_rune_bug_friends, uniq_mara
Slime:1:  layout_caves, special_room [special_room_jelly]
Slime:2:  layout_caves
Slime:3:  layout_caves
Slime:4:  layout_caves
Slime:5
Orc:1:    layout_caves, basic_altar
Orc:2:    st_orc_rangers, layout_caves, nicolae_orc_lava_room, uniq_josephine
Elf:1:    minmay_elf_arrival_plus, layout_onion_city,
          kennysheep_underground_church, nicolae_elf_loose_elemental_storage
Elf:2:    nicolae_elf_blades_crystal_corner, layout_gridlike, serial_shops,
          nicolae_shop_crystal, hangedman_summoners_spam
Elf:3:    elf_hall_gauntlet_wide, layout_geoelf_octagon, serial_shops, shop,
          uniq_donald, uniq_asterion
Vaults:1: nicolae_vaults_little_squares_2, hangedman_vaults_capsules,
          hangedman_vaults_locks, hangedman_vaults_nails, grunt_vaults_funnel,
          v_misc_3, ontoclasm_vaults_ring_small, vaults_room_corners,
          nicolae_vaults_gold_heap, layout_vaults_chaotic_city, serial_shops,
          nicolae_shop_bloodbath_and_beyond, uniq_saint_roka, uniq_zenata
Vaults:2: vaults_dpeg_diagonal, minmay_crypt_entry_necro_gods, v_misc_31,
          v_misc_15, st_quartered_hall, ontoclasm_vaults_chip,
          vaults_dpeg_hooks, nicolae_vaults_ring_of_whatevers,
          nicolae_vaults_diagonal_hallway_8, layout_vaults_omnigrid
Vaults:3: nicolae_vaults_puzzle_piece, nicolae_vaults_puzzle_piece, v_misc_18,
          nicolae_vaults_yaktaur_gun_rack, nicolae_vaults_ninety_degrees,
          v_misc_10, ontoclasm_vaults_gateway, ontoclasm_vaults_claustrophobia,
          ontoclasm_vaults_fault, v_misc_19, ontoclasm_vaults_pinch,
          vaults_room_grid, layout_vaults_omnicross
Vaults:4: v_rooms_4, ontoclasm_vaults_tryst, nicolae_vaults_back_hallway,
          vaults_room_fancy_cross, v_misc_23, nicolae_vaults_network_periphery,
          hangedman_vaults_hat, v_rooms_5, vaults_room_fancy_cross,
          vaults_room_door_ring, st_lattice,
          hangedman_vaults_stretched_pinwheel, nicolae_vaults_rhombus_7,
          v_misc_26, layout_vaults_maze_bifur, uniq_margery
Vaults:5
Depths:1: layout_cave_pools, hell_entry, serial_column_ruins,
          column_ruins_portal_squares, column_ruins_temple_hall,
          column_ruins_columns_straight, column_ruins_open_medium_water,
          column_ruins_grid_1, column_ruins_columns_corner,
          beargit_hepliaklqana_dungeon_heroes
Depths:2: kennysheep_gozag_temple, layout_small_grid, tso_metal_star,
          hell_entry, rand_demon_pan_entry_9, serial_shops, shop_statue,
          minmay_staircase_bubble
Depths:3: grunt_deathspiral_small, layout_cave_shapes, enter_ziggurat_a,
          hangedman_abyss_entry_splay, pan_entry, hell_entry,
          kennysheep_generic_room_12, uniq_sojobo
Depths:4: evilmike_zot_entry_basic, layout_cave_pools,
          nicolae_hell_entry_big_baal_hell

Skill      XL: |  1  2  3  4  5  6  7  8  9 10 11 12 13 14 15 16 17 18 19 20 21 22 23 24 |
---------------+-------------------------------------------------------------------------+-----
Long Blades    | 3 4 5 6 7 9 10 11 12 13 14 15 16 17 18 19 20 21 22 23 24 25 26 | 26.1
Dodging        | 3 5 7 9 10 11 12 13 14 15 16 17 18 19 20 | 20.9
Throwing       | 2 4 5 7 8 9 10 11 12 13 14 15 16 | 16.5
Fighting       | 4 5 7 8 9 10 11 12 13 14 15 16 17 18 | 18.1
Armour         | 3 4 5 6 7 8 9 10 11 12 13 | 13.0
Evocations     | 2 4 6 8 10 11 13 14 15 16 17 18 | 18.2
Invocations    | 3 5 7 8 9 10 11 12 | 12.0
Shields        | 5 6 |  6.6

Action                     |  1- 3 |  4- 6 |  7- 9 | 10-12 | 13-15 | 16-18 | 19-21 | 22-24 || total
---------------------------+-------+-------+-------+-------+-------+-------+-------+-------++-------
  Melee: Long sword        |    93 |   319 |   612 |       |       |       |       |       ||  1024
         Tailslap          |       |     6 |     3 |       |     3 |    58 |     6 |     5 ||    81
         Dagger            |       |       |    22 |       |       |       |       |       ||    22
         Great sword       |       |       |    11 |   560 |  1201 |   181 |   127 |       ||  2080
         Dire flail        |       |       |       |     7 |       |       |       |       ||     7
         Falchion          |       |       |       |       |    41 |       |       |       ||    41
         Punch             |       |       |       |       |     1 |     2 |       |       ||     3
         Triple sword      |       |       |       |       |    32 |  1444 |  1641 |  1596 ||  4713
         Scimitar          |       |       |       |       |    21 |    28 |       |       ||    49
  Throw: Boomerang         |       |       |     2 |       |       |       |     2 |    49 ||    53
         Dart              |       |       |     5 |    20 |    12 |   184 |    64 |    34 ||   319
         Javelin           |       |       |       |       |       |     1 |       |    26 ||    27
 Invoke: Heroism           |       |       |       |     5 |     7 |    19 |     7 |    16 ||    54
         Finesse           |       |       |       |       |       |     1 |     1 |     3 ||     5
  Evoke: Wand              |       |       |       |     8 |       |    10 |       |     7 ||    25
         Phial of floods   |       |       |       |       |       |     1 |       |       ||     1
         Lightning rod     |       |       |       |       |       |       |    11 |       ||    11
         Condenser vane    |       |       |       |       |       |       |       |     1 ||     1
    Use: Potion            |       |     2 |     2 |       |       |     5 |     3 |     7 ||    19
         Scroll            |       |       |    12 |    11 |     5 |     3 |     3 |     6 ||    40
   Stab: Petrified         |       |       |       |       |     6 |       |       |       ||     6
         Petrifying        |       |       |       |       |     1 |       |       |       ||     1
         Invisible         |       |       |       |       |     1 |       |       |       ||     1
         Paralysed         |       |       |       |       |     1 |       |       |       ||     1
         Distracted        |       |       |       |       |       |     1 |       |       ||     1
 Armour: Scale mail        |    36 |   159 |    22 |       |       |       |       |       ||   217
         Ring mail         |       |       |   219 |   276 |   168 |       |       |       ||   663
         Swamp dragon scal |       |       |       |       |   425 |       |       |       ||   425
         Plate armour      |       |       |       |       |    38 |  1398 |   845 |   931 ||  3212
         Skin              |       |       |       |       |       |       |       |    12 ||    12
  Dodge: Dodged            |    33 |   165 |   286 |   481 |  1370 |  1265 |  1099 |  1690 ||  6389
  Block: Buckler           |    20 |    87 |   117 |       |       |       |       |       ||   224

Table legend: (Time is in decaauts)
 A = Elapsed time spent in this place.
 B = Non-inter-level travel time spent in this place.
 C = Inter-level travel time spent in this place.
 D = Time resting spent in this place.
 E = Time spent auto-exploring this place.
 F = Levels seen in this place.
 G = Mean time per level.
                   A        B        C        D        E       F      G
               +--------+--------+--------+--------+--------+-----+--------+
         Total |  56180 |  51640 |   4540 |  14543 |  22343 |  53 | 1060.0 |
       Dungeon |  13579 |  11181 |   2398 |   1150 |   6841 |  15 |  905.3 |
        Temple |    154 |    140 |     14 |      0 |    132 |   1 |  154.0 |
          Lair |   5610 |   5025 |    585 |    589 |   2938 |   5 | 1122.0 |
         Swamp |   2639 |   2547 |     92 |    563 |   1049 |   4 |  659.8 |
   Spider Nest |   5835 |   5681 |    154 |   1789 |   1825 |   4 | 1458.8 |
    Slime Pits |   1326 |   1263 |     63 |    704 |     51 |   5 |  265.2 |
  Orcish Mines |   1913 |   1677 |    236 |    278 |   1004 |   2 |  956.5 |
   Elven Halls |   6125 |   5975 |    150 |   1947 |   2510 |   3 | 2041.7 |
        Vaults |   7916 |   7364 |    552 |   2341 |   3511 |   5 | 1583.2 |
        Depths |   8545 |   8254 |    291 |   4489 |   2058 |   4 | 2136.2 |
         Abyss |     26 |     26 |      0 |      0 |     13 |   1 |   26.0 |
         Sewer |    550 |    550 |      0 |    200 |    120 |   1 |  550.0 |
       Ossuary |    381 |    381 |      0 |    149 |     72 |   1 |  381.0 |
        Bailey |    760 |    760 |      0 |     75 |      7 |   1 |  760.0 |
      Ice Cave |    814 |    814 |      0 |    267 |    207 |   1 |  814.0 |
               +--------+--------+--------+--------+--------+-----+--------+

Top non-repeatable levels by time:
Depths:3: 4029 daAuts
Vaults:4: 2594 daAuts
   Elf:2: 2448 daAuts
   Elf:3: 2294 daAuts
Depths:2: 2236 daAuts
Vaults:2: 2048 daAuts
  Lair:5: 1795 daAuts
Vaults:1: 1774 daAuts
Spider:2: 1636 daAuts
Spider:1: 1626 daAuts
     D:9: 1475 daAuts
Spider:3: 1461 daAuts
Vaults:3: 1401 daAuts
   Orc:2: 1395 daAuts
   Elf:1: 1383 daAuts
